 Dungeon Crawl Stone Soup version 0.31-a0-198-g2ad674f65e (webtiles) character file.

Game seed: 11201496229551848815

61 qw the Shooter (level 3, -1/20 HPs)
             Began as a Deep Elf Hunter on June 25, 2023.
             Slain by Natasha (7 damage)
             ... on level 2 of the Dungeon.
             The game lasted 00:00:21 (1068 turns).

qw the Shooter (Deep Elf Hunter)                    Turns: 1068, Time: 00:00:21

Health: -1/20      AC:  3    Str: 10    XL:     3   Next: 83%
Magic:  5/5        EV: 12    Int: 13    God:
Gold:   44         SH:  0    Dex: 18    Spells: 2/2 levels left

rFire   . . .        Y - +0 shortbow
rCold   . . .        (shield currently unavailable)
rNeg    . . .        c - +0 leather armour
rPois   .            (no helmet)
rElec   .            (no cloak)
rCorr   .            (no gloves)
SInv    .            (no boots)
Will    .....        (no amulet)
Stlth   ++           (no ring)
HPRegen 0.23/turn    (no ring)
MPRegen 0.09/turn

%: no passive effects
@: slowed, very slow
A: no striking features
a: no special abilities


You were on level 2 of the Dungeon.
You visited 1 branch of the dungeon, and saw 2 of its levels.

You collected 44 gold pieces.


   Skills:
 - Level 1.5 Fighting
 + Level 7.3 Ranged Weapons
 - Level 2.4 Dodging
 - Level 1.2 Stealth


You had 2 spell levels left.
You didn't know any spells.
Your spell library was empty.

Inventory:

Hand Weapons
 Y - a +0 shortbow (weapon)
Armour
 a - a +0 ring mail
 c - a +0 leather armour (worn)
Scrolls
 b - a scroll of vulnerability {unknown}
Potions
 d - a potion of degeneration {unknown}
 e - a potion of curing {unknown}

Dungeon Overview and Level Annotations

Branches:
Dungeon (2/15)

Altars:

Annotations:
D:2 Natasha


Message History

You shoot an arrow. The arrow barely misses the adder.
You shoot an arrow. The arrow closely misses the adder.
You shoot an arrow. The arrow hits the adder.
The adder is heavily wounded.
You shoot an arrow. The arrow hits the adder.
You kill the adder!
You see here an adder corpse.
b - a scroll labelled BECRAKLO CEEMP
Found a stone staircase leading down.
Enter note:
Found a stone staircase leading down.
Enter note: Natasha, Servant of Life and Death comes into view.
She is carrying a wand of digging (4).
You shoot an arrow. The arrow hits Natasha.
Natasha hisses angrily.
Natasha is moderately wounded.
Natasha drinks a potion.
Natasha seems to speed up.
You shoot an arrow. The arrow closely misses Natasha.
Natasha zaps a wand.
You hear a grinding noise.
There is a stone staircase leading down here.
Enter note: You shoot an arrow.
The arrow hits Natasha.
Natasha is heavily wounded.
Natasha stares at you and mumbles some strange words.
You feel yourself slow down.
You shoot an arrow. The arrow completely misses Natasha.
Natasha howls an incantation.
Natasha's front paws start to glow.
Natasha closely misses you.
You shoot an arrow. The arrow misses Natasha.
Natasha closely misses you. Natasha claws you.
You shoot an arrow. The arrow barely misses Natasha.
Natasha claws you.
Natasha stares at you and mumbles some strange words.
The magic dart hits you! Natasha closely misses you.
You shoot an arrow. The arrow hits Natasha!
Natasha is almost dead.
Natasha claws you!
You die...

# ... #####
....########...###
.................#
......h@.#.......#
......##.........#
....> ###.......#
.... ###...#.# ##.
#...#.# # ##.##.#
#.##.# #.##.#
#.##.#


You could see Natasha (fast).

Vanquished Creatures
  Terence (D:2)
  An adder (D:2)
  A dart slug (D:1)
  A ball python (D:1)
  An endoplasm (D:1)
  3 giant cockroaches (D:1)
  5 goblins (D:1)
  3 kobolds (D:1)
  4 bats (D:1)
  A frilled lizard (D:1)
  5 rats
26 creatures vanquished.

Notes
Turn   | Place    | Note
-------+----------+-------------------------------------------
     0 | D:1      | qw the Deep Elf Hunter began the quest for the Orb.
     0 | D:1      | Reached XP level 1. HP: 12/12 MP: 3/3
     0 | D:1      | 0 ||| qw: Version: 0.3-a-22-g0ed2b0b
     0 | D:1      | 0 ||| qw: Game counter: 5266
     0 | D:1      | 0 ||| qw: Melee chars always use a shield: true
     0 | D:1      | 0 ||| qw: God list: Okawaru
     0 | D:1      | 0 ||| qw: Allow faded altars: false
     0 | D:1      | 0 ||| qw: Do Orc after clearing Dungeon:15 true
     0 | D:1      | 0 ||| qw: Do second Lair branch before Depths: true
     0 | D:1      | 0 ||| qw: Lair rune preference: random
     0 | D:1      | 0 ||| qw: Goals: Normal
     0 | D:1      | 0 ||| PLANNING D:1-11
   155 | D:1      | Reached XP level 2. HP: 16/16 MP: 4/4
   198 | D:1      | Reached skill level 6 in Ranged Weapons
   821 | D:1      | 821 ||| READING scroll labelled KOSIHA XADASU.
   822 | D:1      | 822 ||| READING scroll labelled YBEM UXIKADIO.
   850 | D:1      | 850 ||| READING scroll labelled SEUKLA XOFF.
   851 | D:1      | 851 ||| DROPPING scroll of butterflies.
   899 | D:2      | Noticed Terence
   912 | D:2      | Killed Terence
   913 | D:2      | Reached skill level 7 in Ranged Weapons
   913 | D:2      | Reached XP level 3. HP: 11/20 MP: 5/5
  1060 | D:2      | Noticed Natasha
  1067 | D:2      | HP: 5/20 [Natasha/magic dart (9)]
  1068 | D:2      | Slain by Natasha

Levels and vault maps discovered:
D:1:      dpeg_arrival_pond, layout_basic, minmay_tree_intersection
D:2:      layout_loops_ring, basic_altar, eino_tiny_chamber, uniq_robin,
          uniq_natasha, uniq_terence

Skill      XL: |  1  2 |
---------------+-------+-----
Ranged Weapons | 7 |  7.3
Fighting       | |  1.5
Dodging        | |  2.4
Stealth        | |  1.2

Action                     || total
---------------------------++-------
   Fire: Shortbow          ||    83
    Use: Scroll            ||     3
 Armour: Leather armour    ||     4
  Dodge: Dodged            ||    22

Table legend:
 A = Non-vault XP
 B = Vault XP
 C = Vault XP percentage of total XP
 D = Non-vault monster count
 E = Vault monster count
 F = Vault count percentage of total count
                 A         B        C        D         E       F
            +---------+---------+-------+---------+---------+-------
      Total |      52 |      36 |  40.9 |      25 |       1 |   3.8
            +---------+---------+-------+---------+---------+-------
        D:1 |      37 |       0 |   0.0 |      22 |       0 |   0.0
        D:2 |      15 |      36 |  70.6 |       3 |       1 |  25.0
            +---------+---------+-------+---------+---------+-------
